 Dungeon Crawl Stone Soup version 0.29-a0-838-g385bb11a5b (webtiles) character file.

Game seed: 1767447955834012998

12 xian the Sneak (level 2, -1/19 HPs)
             Began as an Octopode Brigand on July 13, 2022.
             Slain by a goblin
             ... wielding a +0 dagger
              (3 damage)
             ... on level 1 of the Dungeon.
             The game lasted 00:01:00 (269 turns).

xian the Sneak (Octopode Brigand)                    Turns: 269, Time: 00:01:00

Health: -1/19      AC:  1    Str: 10    XL:     2   Next: 33%
Magic:  2/2        EV: 12    Int: 13    God:
Gold:   46         SH:  0    Dex: 13    Spells: 1/1 levels left

rFire   . . .      SeeInvis .   a - +2 dagger
rCold   . . .      Faith    .   (no shield)
rNeg    . . .      Spirit   .   (helmet restricted)
rPois   .          Reflect  .   (no amulet)
rElec   .          Harm     .   (no ring)
rCorr   .          Rampage  .   (no ring)
Will    .....                   (no ring)
Stlth   ++++......              (no ring)
HPRegen 0.06/turn               (no ring)
MPRegen 0.08/turn               (no ring)
                                (no ring)
                                (no ring)

@: no status effects
A: almost no armour, amphibious, 8 rings, camouflage 1, gelatinous body 1,
(nimble swimmer 1), tentacles
a: no special abilities


You were on level 1 of the Dungeon.
You visited 1 branch of the dungeon, and saw 1 of its levels.

You collected 46 gold pieces.

Inventory:

Hand Weapons
 a - a +2 dagger (weapon)
 e - a +2 whip of pain
Missiles
 b - 9 poisoned darts (quivered)
 c - 3 curare-tipped darts
Scrolls
 d - a scroll of poison {unknown}
 f - a scroll of identify {unknown}


   Skills:
 + Level 2.0 Fighting
 + Level 2.0 Short Blades
 + Level 2.1 Throwing
 + Level 1.0 Dodging
 + Level 6.1 Stealth


You had one spell level left.
You didn't know any spells.
Your spell library was empty.

Dungeon Overview and Level Annotations

Branches:
Dungeon (1/15)

Altars:


Innate Abilities, Weirdness & Mutations

You cannot wear most types of armour.
You are amphibious.
You can wear up to eight rings at the same time.
Your skin changes colour to match your surroundings (Stealth+).
Your rubbery body absorbs attacks. (AC +1, EV +1)
((You are camouflaged when in or above water. (Stealth+)))
You have tentacles for arms and can constrict up to eight enemies at once.


Message History

A hobgoblin comes into view.
Found a glowing diamond amulet.
The endoplasm quivers.
The rat closely misses you.
You completely miss the rat. Your grab misses the rat. You squeeze the rat.
You kill the rat!
A goblin comes into view. It is wielding a +0 dagger.
The endoplasm freezes you.
You are frozen.
You see here a rat corpse.
The endoplasm closely misses you.
You hit the endoplasm.
The endoplasm is severely wounded.
You hit the endoplasm.
You kill the endoplasm!
The hobgoblin shouts!
The goblin shouts!
Your Stealth skill increases to level 6!
The hobgoblin attacks as you move away! The hobgoblin closely misses you.
You see here a bat corpse.
You closely miss the goblin. You grab the goblin. You constrict the goblin.
The goblin closely misses you.
You hit the goblin.
You kill the goblin!
The hobgoblin hits you.
The hobgoblin hits you but does no damage.
Things that are here:
a +0 dagger; a goblin corpse The hobgoblin hits you.
You see here a bat corpse.
The hobgoblin hits you.
Things that are here:
a +0 dagger; a goblin corpse You hit the hobgoblin.
You kill the hobgoblin!
Things that are here:
a +0 dagger; a goblin corpse The goblin hits you with a +0 dagger.
* * * LOW HITPOINT WARNING * * *
The goblin hits you with a +0 dagger.
You die...

# ##.# #.# ######.## #.# #...
...## #.## #.# ##... ....#
#..####.#####...
....###..........##..
#....##..........##.###.l
##....#..#.......##>...$.
##....#.......†.g...# #
##....#.........@...# .# " #
##....#..#########.)###.#....
#....##..# ##†.........
.....##..# ##.......?...
....###..# ##............
...## #.## #...†.........
..## ### #............# ###
#...........## #
#..........##


You could see a goblin.

Vanquished Creatures
  A bat (D:1)
  2 endoplasms (D:1)
  2 goblins (D:1)
  2 hobgoblins (D:1)
  A ball python (D:1)
  3 rats (D:1)
11 creatures vanquished.

Notes
Turn   | Place    | Note
-------+----------+-------------------------------------------
     0 | D:1      | xian the Octopode Brigand began the quest for the Orb.
     0 | D:1      | Reached XP level 1. HP: 14/14 MP: 1/1
   232 | D:1      | Reached XP level 2. HP: 16/19 MP: 2/2
   244 | D:1      | Reached skill level 6 in Stealth
   269 | D:1      | Slain by a goblin

Illustrated notes

Levels and vault maps discovered:
D:1:      dpeg_arrival_snail, layout_rooms, chequers_ecumenical_altar_island,
          chequers_mini_garden, hex_intersection, interstate_on_off,
          dreamdust_princess_corridor, minmay_misc_feat_hallway,
          chequers_serial_rivers_marsh, minmay_pentomino_v4

Skill      XL: |  1  2 |
---------------+-------+-----
Stealth        | 6 |  6.1
Fighting       | |  2.0
Short Blades   | |  2.0
Throwing       | |  2.1
Dodging        | |  1.0

Action                   || total
-------------------------++-------
Melee: Dagger            ||    15
       Constrict         ||     4
       Tentacles         ||     2
 Stab: Sleeping          ||     3
Armor: Skin              ||     2
Dodge: Dodged            ||     9

Table legend: (Time is in decaauts)
 A = Elapsed time spent in this place.
 B = Non-inter-level travel time spent in this place.
 C = Inter-level travel time spent in this place.
 D = Time resting spent in this place.
 E = Time spent auto-exploring this place.
 F = Levels seen in this place.
 G = Mean time per level.
                   A        B        C        D        E       F      G
               +--------+--------+--------+--------+--------+-----+--------+
         Total |    267 |    267 |      0 |      0 |    122 |   1 |  267.0 |
       Dungeon |    267 |    267 |      0 |      0 |    122 |   1 |  267.0 |
               +--------+--------+--------+--------+--------+-----+--------+

Top non-repeatable levels by time:
     D:1: 267 daAuts
